 Dungeon Crawl Stone Soup version 0.22-a0-293-gc9362ec (webtiles) character file.

490068 mortelune the Eclecticist (level 23, -1/230 HPs)
             Began as a Demonspawn Ice Elementalist on Mar 24, 2018.
             Was the Champion of Ashenzari.
             Slain by an azure jelly (6 damage)
             ... on level 4 of the Pits of Slime on Mar 25, 2018.
             The game lasted 07:54:55 (107985 turns).

mortelune the Eclecticist (DsIE)                  Turns: 107985, Time: 07:54:55

Health: -1/230     AC:  5    Str: 10    XL:     23   Next: 86%
Magic:  0/52       EV: 25    Int: 34    God:    Ashenzari [******]
Gold:   1127       SH: 23    Dex: 10    Spells: 4/62 levels left

rFire    . . .     SeeInvis +   F - +9 double sword (freeze) (curse)
rCold    + . .     Gourm    .   b - +5 shield of Sorcery {Int+8} (curse)
rNeg     . . .     Faith    .   j - +1 robe of the Solstice {rElec Int+3 Stlth+}
rPois    .         Spirit   +   (helmet unavailable)
rElec    +         Reflect  +   p - +2 cloak (curse)
rCorr    .         Harm     .   S - +1 pair of gloves of Gesut {rC+ Regen+} (curse)
MR       ++...     Clarity  +   x - +2 pair of boots {Stlth+} (curse)
Stlth    ++++......             z - +6 amulet of reflection (curse)
HPRegen  0.88/turn              a - +5 ring of evasion
MPRegen  0.66/turn              J - ring of wizardry (curse)

@: corroded, very slightly contaminated
A: antennae 3, yellow scales 2, berserk 1, clumsy 2, deformed body, dopey 1,
high mp 1, magic resistance 1, robust 2, spiny 3, magic shield, magic
regeneration, magic link, subdued magic 1, MP-powered wands
}: 2/15 runes: serpentine, barnacled
a: Curse Item, Scrying, Transfer Knowledge, Renounce Religion


You were on level 4 of the Pits of Slime.
You worshipped Ashenzari.
Ashenzari was exalted by your worship.
You were not hungry.

You visited 11 branches of the dungeon, and saw 50 of its levels.
You visited the Abyss 1 time.
You visited 1 bazaar.

You collected 5957 gold pieces.
You spent 4830 gold pieces at shops.

Inventory:

Hand Weapons
 F - a cursed +9 double sword of freezing (weapon)
Armour
 b - the cursed +5 shield of Sorcery (worn) {Int+8}
   (You found it on level 5 of the Depths)

   It affects your intelligence (+8).
   It has a curse placed upon it.
 j - the +1 robe of the Solstice (worn) {rElec Int+3 Stlth+}
   (You took it off a deep elf sorcerer on level 3 of the Elven Halls)

   It affects your intelligence (+3).
   It insulates you from electricity.
   It makes you more stealthy.
 k - the +0 acid dragon scales of Bunisu {rCorr Dex+4 SInv}
   (You found it on level 4 of the Shoals)

   It affects your dexterity (+4).
   It lets you see invisible.
   It protects you from acid and corrosion.
 p - a cursed +2 cloak (worn)
 x - a cursed +2 pair of boots of stealth (worn)
 A - a +2 robe of the Archmagi
 S - the cursed +1 pair of gloves of Gesut (worn) {rC+ Regen+}
   (You acquired it on level 3 of the Elven Halls)

   It protects you from cold.
   It increases your rate of regeneration.
   It has a curse placed upon it.
Jewellery
 a - a +5 ring of evasion (left hand)
 g - a +2 ring of intelligence
 l - a +5 amulet of reflection
 u - the ring "Efigug" {rC+ rN+ Str+3 Dex-3 Stlth+}
   (You took it off a deep elf annihilator on level 3 of the Elven Halls)

   [ring of positive energy]

   It affects your strength (+3).
   It affects your dexterity (-3).
   It protects you from cold.
   It protects you from negative energy.
   It makes you more stealthy.
 z - a cursed +6 amulet of reflection (around neck)
 B - an uncursed ring of fire
 J - a cursed ring of wizardry (right hand)
 M - an uncursed ring of positive energy
 P - an uncursed ring of protection from magic
 Q - an uncursed ring of positive energy
Wands
 i - a wand of acid (8)
 q - a wand of paralysis (62)
 r - a wand of disintegration (8)
 s - a wand of digging (41)
 C - a wand of polymorph (46)
 T - a wand of enslavement (6)
 Y - a wand of iceblast (14)
Scrolls
 d - 3 scrolls of teleportation
 f - 8 scrolls of magic mapping
 h - 11 scrolls of immolation
 n - 4 scrolls of amnesia
 v - 4 scrolls of fog
 D - 22 scrolls of identify
 I - 4 scrolls of enchant armour
 K - 4 scrolls of fear
 O - 4 scrolls of enchant weapon
 R - 2 scrolls of summoning
 V - 6 scrolls of remove curse
 Z - 4 scrolls of silence
Potions
 e - 11 potions of brilliance
 o - a potion of mutation
 t - 13 potions of curing
 w - 9 potions of haste
 y - 9 potions of magic
 E - 4 potions of agility
 G - 3 potions of might
 H - 2 potions of invisibility
 N - a potion of cancellation
 U - 4 potions of flight
Miscellaneous
 L - 3 phantom mirrors
Comestibles
 c - 3 rations


   Skills:
 + Level 18.4 Fighting
 - Level 3.9(8.1) Long Blades
 + Level 13.9(16.5) Dodging
 - Level 1.7(3.9) Stealth
 - Level 11.2(14.0) Shields
 * Level 20.3 Spellcasting
 - Level 11.8(14.5) Conjurations
 + Level 9.8(12.6) Summonings
 - Level 1.9(4.1) Translocations
 - Level 11.5(14.2) Ice Magic
 - Level 16.5(19.0) Air Magic


You had 4 spell levels left.
You knew the following spells:

 Your Spells              Type           Power        Failure   Level  Hunger
a - Freeze                Ice            ####         0%          1    None
b - Airstrike             Air            #######...   0%          4    None
c - Ozocubu's Armour      Chrm/Ice       ######..     1%          3    None
d - Summon Greater Demon  Summ           #######...   1%          7    #......
e - Throw Icicle          Conj/Ice       #######.     0%          4    None
f - Freezing Cloud        Conj/Ice/Air   #######...   1%          6    None
g - Blink                 Tloc           N/A          1%          2    None
h - Passage of Golubria   Tloc           N/A          1%          4    None
q - Shroud of Golubria    Chrm/Tloc      #####.....   1%          2    None
r - Malign Gateway        Summ/Tloc      ######....   9%          7    #......
s - Chain Lightning       Conj/Air       #######...   2%          8    ####...
t - Conjure Ball Lightni  Conj/Air       #######...   1%          6    None
z - Summon Lightning Spi  Summ/Air       #######.     0%          4    None


Dungeon Overview and Level Annotations

Branches:
Dungeon (15/15)            Temple (1/1) D:5            Lair (6/6) D:11
 Shoals (4/4) Lair:4        Snake (4/4) Lair:2        Slime (5/5) Lair:5
    Orc (2/2) D:12            Elf (3/3) Orc:2        Vaults (4/5) D:14
  Crypt (1/3) Vaults:2     Depths (5/5) D:15            Zot (0/5) Depths:5

Altars:
Ashenzari
Cheibriados
Dithmenos
Elyvilon
Fedhas
Gozag
Hepliaklqana
Kikubaaqudgha
Makhleb
Nemelex Xobeh
Okawaru
Qazlal
Ru
Sif Muna
Trog
Uskayaw
Vehumet
Wu Jian
Xom
Yredelemnul
Zin
The Shining One
Beogh
Lugonu

Shops:
Orc:2 :?[*((   Elf:2 [   Elf:3 }}[*   Snake:3 !:%   Vaults:1 *   Vaults:3 [
Depths:1 *   Depths:2 **

Portals:
Hell: Depths:1 Depths:2 Depths:3 Depths:4 Depths:5
Abyss: Depths:3 Depths:4 Depths:5
Pandemonium: Depths:3
Ziggurat: Depths:3

Annotations:
D:11 2 transporters
Snake:1 exclusion: downstairs
Depths:4 1 transporter


Innate Abilities, Weirdness & Mutations

You have a pair of large antennae on your head. (SInv)
You are mostly covered in yellow scales. (AC +3)
You are very robust. (+20% HP)
You are completely covered in sharp spines.
When hurt, damage is shared between your health and your magic reserves.
You regenerate magic rapidly.
When low on magic, you restore magic in place of health.
You tend to lose your temper in combat.
You are very clumsy. (Dex -4)
Armour fits poorly on your strangely shaped body.
You are dopey. (Int -2)
You have an increased reservoir of magic. (+10% MP)
You are resistant to hostile enchantments. (MR+)
Your spells are a little easier to cast, but a little less powerful.
You expend magic power (3 MP) to strengthen your wands.


Message History

The azure jelly is engulfed in freezing vapours.
The shining eye moves out of view.
You feel better.
You are splashed with acid!
The wall burns you!
* * * LOW HITPOINT WARNING * * *
The acid blob is engulfed in freezing vapours.
The acid blob spits acid at you. The splash of acid hits you!
* * * LOW HITPOINT WARNING * * *
You are splashed with acid!
The acid burns!
* * * LOW HITPOINT WARNING * * *
The azure jelly is engulfed in freezing vapours.
The acid blob is engulfed in freezing vapours.
The acid blob spits acid at you. The splash of acid misses you.
Okay, then.
You feel better.
You are splashed with acid!
The wall burns you!
* * * LOW HITPOINT WARNING * * *
The acid blob is engulfed in freezing vapours.
The azure jelly hits you!
You die...

* *, ,..##.....##.#.# *
,, , .................. *
,,, * ,
,..........>....... , , *
, , ...#.#...J§§....#. ,
*
**,,,,.........§§§......,
, * , . .......§§§......
, * ,,,...#....J..#......
, ,, .......#J...#..... *
**, .......@..........
,,* **,............#.#...
,,,* * ...............* *
*,,, ##.....#....... ** *
* *#.....G ##.....*** *
*......., *..... ,* #
*....... *,..#., , ##
#.##... .##**,** #. * * ,
* * * *#


You could see 2 acid blobs, an azure jelly and a shining eye.

Vanquished Creatures
  Dissolution (Slime:3)
  Xtahua (Depths:3)
  Vashnia (Snake:2)
  Nikola (Snake:1)
  A bone dragon (Depths:5)
  Jorgrun (Shoals:3)
  A tentacled monstrosity (Depths:4)
  4 liches
  An acid blob (shapeshifter) (Depths:5)
  A quicksilver dragon (Depths:4)
  7 acid blobs
  2 deep elf blademasters
  A tentacled starspawn (Abyss:3)
  The ghost of medis the Spry, an adept HaSk of Ashenzari (Depths:1)
  2 tengu reavers (Depths:5)
  3 sphinxes
  Roxanne (Snake:1)
  A revenant (Crypt:1)
  6 nagarajas
  4 azure jellies
  Ilsuiw (Shoals:4)
  5 fire giants
  2 frost giants
  An orc warlord (Orc:2)
  8 vault wardens
  6 deep elf sorcerers
  A draconian knight (Depths:4)
  Aizul (Snake:2)
  2 deep elf elementalists
  A draconian stormcaller (Depths:5)
  8 ironheart preservers
  A reaper (Depths:3)
  A war gargoyle (Vaults:2)
  2 spriggan defenders
  28 very ugly things
  10 stone giants
  Nessos (D:12)
  A vampire knight (Crypt:1)
  7 deep elf demonologists
  3 green draconians (Depths:5)
  8 deep elf annihilators (Elf:3)
  A black draconian (Depths:5)
  2 spark wasps (Depths:3)
  A purple draconian (Depths:5)
  9 deep elf death magi
  5 merfolk javelineers
  A red draconian (Depths:5)
  9 ettins
  5 merfolk impalers (Shoals:4)
  4 death oozes
  9 crystal guardians
  Josephine (D:12)
  The ghost of Anon1729 the Destroyer, a journeyman DsFE of Ashenzari (D:13)
  7 fire dragons
  3 deep elf high priests
  7 ogre magi
  6 yaktaur captains
  4 rakshasas
  4 ice dragons
  5 naga warriors
  4 vault guards
  10 great orbs of eyes
  5 hydras
  A spriggan air mage (Depths:5)
  A two-headed ogre (shapeshifter) (Vaults:4)
  4 merfolk aquamancers
  A merfolk avatar (Shoals:3)
  10 anacondas
  6 centaur warriors
  3 death knights
  A satyr (Shoals:1)
  19 two-headed ogres
  9 deep troll shamans
  30 dancing weapons
  2 thrashing horrors (Abyss:3)
  4 deep troll earth magi
  The ghost of matakusis the Summoner, a journeyman DESu of Sif Muna (D:14)
  6 tengu warriors
  2 orc high priests
  3 shock serpents
  7 spriggan berserkers
  16 deep elf knights
  A vampire mage (Crypt:1)
  3 soul eaters (Depths:2)
  Sonja (D:10)
  A wretched star (Abyss:3)
  3 salamander mystics
  13 naga sharpshooters
  A skeletal warrior (D:15)
  An iron troll (Depths:5)
  A sixfirhy (Abyss:3)
  An unseen horror (D:13)
  A sea snake (shapeshifter) (Depths:5)
  A deep troll (shapeshifter) (Depths:2)
  A flayed ghost (Crypt:1)
  8 sea snakes
  A wizard (Vaults:2)
  An obsidian statue (Depths:2)
  9 deep elf archers
  5 glowing orange brains
  A swamp dragon (shapeshifter) (Depths:5)
  6 naga ritualists
  13 deep trolls
  2 orange crystal statues
  16 orc knights
  3 phantasmal warriors
  2 wolf spiders
  12 harpies
  6 ironbrand convokers
  2 necromancers
  29 ugly things
  A shadow dragon skeleton (Depths:2)
  4 mana vipers
  4 cyclopes
  3 orc sorcerers
  2 wolf spiders (shapeshifter)
  2 large abominations (Abyss:3)
  7 manticores
  6 shining eyes
  50 deep elf magi
  5 fauns
  6 salamanders
  5 elephants (Lair:6)
  24 naga magi
  3 centaur zombies
  Maurice (D:8)
  2 frost giant skeletons (Depths:2)
  3 eyes of devastation
  14 spiny frogs
  33 black mambas
  3 water nymphs
  A gargoyle (D:15)
  2 merfolk sirens
  8 vault sentinels
  2 guardian serpents
  Psyche (D:9)
  2 orange demons
  A smoke demon (Abyss:3)
  4 spectral swamp worms (Depths:4)
  5 rust devils
  A rime drake (Lair:5)
  34 yaktaurs
  A kobold demonologist (D:13)
  4 komodo dragons
  5 freezing wraiths
  2 ice devils (Depths:2)
  3 tengu conjurers
  An ancient zyme (Abyss:3)
  A silent spectre (Abyss:3)
  9 trolls
  A red devil (Depths:3)
  13 merfolk
  Prince Ribbit (D:9)
  7 hornets
  6 polar bears
  66 slime creatures
  2 snapping turtles
  3 raiju (Abyss:3)
  2 blink frogs (shapeshifter)
  14 hippogriffs
  2 dream sheep (Lair:5)
  17 blink frogs
  2 flying skulls
  2 shadows (Crypt:1)
  3 water elementals
  10 spriggans
  A redback (shapeshifter) (Depths:1)
  4 air elementals
  A hog (Elf:2)
  4 fire elementals
  6 wraiths
  A spriggan skeleton (Depths:2)
  3 vampires
  5 wyverns
  Eustachio (D:5)
  2 hogs (shapeshifter)
  10 yaks
  A neqoxec (Depths:3)
  A ynoxinul (Depths:3)
  4 golden eyes (Slime:4)
  A basilisk (shapeshifter) (Vaults:4)
  3 basilisks
  An elf zombie (Depths:2)
  A chaos spawn (Abyss:3)
  2 vampire mosquitoes (D:15)
  The ghost of Anon1729 the Conjurer, an amateur DsCj (D:4)
  28 nagas
  A warg (Vaults:4)
  2 acid dragons
  An insubstantial wisp (Elf:2)
  13 water moccasins
  A floating eye (Depths:3)
  8 porcupines
  39 orc warriors
  4 black bears
  A spiny frog skeleton (Abyss:3)
  28 ogres
  A phantom (D:14)
  3 eyes of draining (Slime:4)
  3 ice beasts
  4 sky beasts
  6 boggarts
  33 wolves
  An elephant skeleton (Crypt:1)
  15 centaurs
  11 crocodiles
  16 bullfrogs
  A big kobold (shapeshifter) (Vaults:4)
  3 big kobolds
  4 earth elementals
  3 small abominations
  3 scorpions
  A howler monkey (D:14)
  3 wights (D:9)
  A vampire bat (Elf:2)
  4 electric eels
  10 crimson imps
  A human simulacrum (Vaults:3)
  5 jellies
  A quasit (Depths:3)
  4 hounds
  18 orc priests
  6 bullfrog skeletons
  5 centaur skeletons
  8 iron imps
  18 orc wizards
  9 iguanas
  Ijyb (D:5)
  12 worker ants
  A killer bee zombie (D:6)
  A hound zombie (D:6)
  8 adders
  8 shadow imps
  4 white imps
  An ufetubus (Depths:3)
  3 oozes
  An adder zombie (D:7)
  3 adder skeletons
  An iguana skeleton (Crypt:1)
  4 worms
  A worm (shapeshifter) (Depths:5)
  8 dart slugs
  5 leopard geckos
  45 orcs
  6 bats
  8 giant cockroaches
  7 goblins
  7 hobgoblins
  17 jackals
  7 quokkas
  4 frilled lizards
  14 kobolds
  A quokka skeleton (D:4)
  4 rats
  2 crawling corpses (Vaults:4)
  A fungus (Elf:3)
  2 plants (Elf:3)
1496 creatures vanquished.

Vanquished Creatures (collateral kills)
  the Royal Jelly (Slime:5)
  A juggernaut (Depths:4)
  A golden dragon (Depths:5)
  Rupert (D:12)
  A deep elf master archer (Elf:3)
  A lich (Vaults:4)
  A quicksilver dragon (Abyss:3)
  Asterion (Snake:3)
  4 acid blobs
  A shadow dragon (Depths:4)
  Gastronok (D:8)
  Donald (Shoals:2)
  4 nagarajas
  2 vault wardens
  2 azure jellies
  A deep elf sorcerer (Elf:3)
  4 frost giants
  Louise (Snake:1)
  2 orc warlords
  An ironheart preserver (Vaults:4)
  9 very ugly things
  A vampire knight (Vaults:2)
  3 stone giants
  A deep elf demonologist (Elf:1)
  A spark wasp (Depths:3)
  3 crystal guardians
  A blizzard demon (Depths:2)
  A merfolk javelineer (Shoals:4)
  Snorg (Lair:3)
  2 deep elf death magi
  2 death oozes (Slime:5)
  A deep elf high priest (Elf:3)
  A yaktaur captain (Vaults:3)
  2 ogre magi
  3 rakshasas
  A hydra (shapeshifter) (Depths:1)
  A great orb of eyes (Depths:3)
  Erolcha (D:9)
  A hydra (Lair:2)
  3 ice dragons
  5 naga warriors
  3 anacondas (Snake:4)
  4 merfolk avatars
  A catoblepas (Lair:6)
  A dancing weapon (Elf:2)
  A death knight (Crypt:1)
  7 two-headed ogres
  A death yak (Lair:6)
  A large abomination (Vaults:1)
  3 naga sharpshooters
  A ball lightning (Elf:3)
  An orc high priest (Orc:1)
  9 spriggans (Lair:6)
  Nergalle (Lair:1)
  5 deep elf knights
  An iron troll (Depths:1)
  5 skeletal warriors (Crypt:1)
  5 deep trolls
  5 sea snakes (Shoals:4)
  A glowing orange brain (Vaults:4)
  A flayed ghost (Vaults:4)
  3 naga ritualists (Snake:4)
  8 deep elf magi
  2 wolf spiders
  6 orc knights
  4 ironbrand convokers
  3 harpies
  4 manticores
  17 ugly things
  4 mana vipers
  2 orc sorcerers
  2 fauns (Shoals:4)
  2 salamanders
  2 cyclopes
  12 black mambas
  A guardian serpent (Snake:1)
  5 naga magi
  5 vault sentinels
  4 elephants (Lair:6)
  2 water nymphs
  2 merfolk sirens (Shoals:4)
  A spiny frog (Lair:6)
  A spectral swamp worm (Depths:4)
  A rime drake (shapeshifter) (D:15)
  A komodo dragon (Lair:1)
  12 yaktaurs
  A kobold demonologist (D:15)
  4 freezing wraiths
  A yellow draconian skeleton (Crypt:1)
  A tengu conjurer (Depths:2)
  5 merfolk
  2 trolls
  3 polar bears
  A meliai (shapeshifter) (Depths:4)
  3 meliai (D:14)
  4 wind drakes (Shoals:4)
  4 hornets (Lair:6)
  2 snapping turtles
  12 blink frogs
  2 hippogriffs
  7 dream sheep
  22 slime creatures
  3 flying skulls
  3 wyverns
  A water elemental (Shoals:4)
  3 wraiths
  Grum (D:10)
  A basilisk (Lair:6)
  14 yaks
  2 vampire mosquitoes (D:15)
  A small abomination (Abyss:3)
  3 wargs
  An orb spider zombie (Crypt:1)
  3 water moccasins
  2 soldier ants (shapeshifter)
  14 nagas
  2 porcupines
  6 orc warriors
  3 black bears (Lair:6)
  A hornet zombie (D:11)
  A phantom (D:7)
  14 ogres
  An eye of draining (D:6)
  13 wolves
  4 boggarts
  A centaur (Vaults:2)
  2 crocodiles (Lair:6)
  2 big kobolds (D:14)
  2 bullfrogs
  A wyvern zombie (D:15)
  2 wights
  5 starcursed masses (Abyss:3)
  2 jellies (Lair:5)
  3 orc priests
  4 orc wizards
  A worker ant (D:8)
  2 shadow imps
  A white imp (Depths:2)
  An adder zombie (D:6)
  15 orcs
  4 kobolds
  A fungus (Lair:6)
459 creatures vanquished.

Vanquished Creatures (others)
  A deep elf master archer (Elf:3)
  An eldritch tentacle (Slime:5)
  8 stone giants
  A vampire knight (Depths:4)
  7 yaktaur captains
  4 centaur warriors
  A satyr (Shoals:4)
  An ogre mage (Vaults:4)
  2 naga sharpshooters
  125 ball lightnings
  A deep elf knight (Elf:2)
  3 deep elf archers
  A naga ritualist (Snake:4)
  2 deep elf magi (Elf:2)
  A salamander (Depths:3)
  A cyclops (Shoals:4)
  A naga mage (Snake:1)
  13 yaktaurs
  A naga (Snake:1)
  2 orc warriors
  A centaur (Vaults:2)
  A small abomination (Abyss:3)
  A kobold (D:8)
  22 fungi
  29 plants
  4 starspawn tentacles (Abyss:3)
235 creatures vanquished.

Grand Total: 2190 creatures vanquished

Notes
Turn   | Place    | Note
-------+----------+-------------------------------------------
     0 | D:1      | mortelune the Demonspawn Ice Elementalist began the quest for the Orb.
     0 | D:1      | Reached XP level 1. HP: 13/13 MP: 3/3
   197 | D:1      | Gained mutation: You are partially covered in sharp spines. [demonic ancestry]
   197 | D:1      | Reached XP level 2. HP: 12/19 MP: 0/5
   328 | D:1      | Learned a level 2 spell: Throw Frost
   949 | D:1      | Gained mutation: You are partially covered in yellow scales. (AC +2) [demonic ancestry]
   949 | D:1      | Reached XP level 3. HP: 12/24 MP: 0/6
  1870 | D:2      | Learned a level 3 spell: Ozocubu's Armour
  2113 | D:2      | Reached XP level 4. HP: 30/30 MP: 5/8
  2847 | D:3      | Reached skill level 3 in Spellcasting
  3387 | D:4      | Reached XP level 5. HP: 33/35 MP: 1/9
  3459 | D:3      | Learned a level 4 spell: Summon Ice Beast
  3692 | D:4      | Noticed an ogre
  3717 | D:4      | Reached skill level 1 in Summonings
  4037 | D:4      | Reached skill level 5 in Ice Magic
  4037 | D:4      | Gained mutation: You have a pair of small antennae on your head. [demonic ancestry]
  4037 | D:4      | Reached XP level 6. HP: 41/41 MP: 2/11
  4323 | D:4      | Reached skill level 4 in Spellcasting
  4425 | D:4      | Noticed Anon1729's ghost (amateur DsCj)
  4441 | D:5      | Entered Level 5 of the Dungeon
  4441 | D:5      | Noticed Eustachio
  4894 | D:5      | Reached XP level 7. HP: 26/46 MP: 7/13
  4950 | D:5      | Noticed Ijyb
  4951 | D:5      | Paralysed by Ijyb for 6 turns
  4965 | D:5      | Killed Ijyb
  5063 | D:5      | Killed Eustachio
  5262 | D:5      | Found a staircase to the Ecumenical Temple.
  5292 | Temple   | Entered the Ecumenical Temple
  5362 | Temple   | Became a worshipper of Ashenzari the Shackled
  6007 | D:6      | Reached skill level 5 in Spellcasting
  6435 | D:6      | Reached XP level 8. HP: 52/52 MP: 6/15
  7215 | D:6      | Reached skill level 5 in Summonings
  7561 | D:7      | Learned a level 4 spell: Throw Icicle
  7712 | D:7      | Reached skill level 6 in Spellcasting
  8212 | D:7      | Noticed a hippogriff
  8218 | D:7      | Killed a hippogriff
  8368 | D:7      | Gained mutation: You have a pair of antennae on your head. [demonic ancestry]
  8368 | D:7      | Reached XP level 9. HP: 57/57 MP: 10/18
  8805 | D:8      | Noticed Maurice
  8805 | D:8      | Noticed a two-headed ogre
  8954 | D:4      | Found a snail-covered altar of Cheibriados.
  9064 | D:4      | Killed Anon1729's ghost
  9352 | D:8      | Noticed Gastronok
 10171 | D:8      | Reached skill level 7 in Spellcasting
 10630 | D:8      | Reached * piety under Ashenzari
 10817 | D:8      | Killed a two-headed ogre
 10946 | D:8      | Reached skill level 5 in Conjurations
 11045 | D:8      | Identified the Handbook of Feathery Dislocation
 11441 | D:9      | Noticed Prince Ribbit
 11734 | D:9      | Noticed a white ugly thing
 11749 | D:9      | Killed a white ugly thing
 12157 | D:9      | Killed Prince Ribbit
 12157 | D:9      | Gained mutation: You have a pair of large antennae on your head. (SInv) [demonic ancestry]
 12157 | D:9      | Reached XP level 10. HP: 63/63 MP: 6/21
 12158 | D:9      | Noticed Erolcha
 12163 | D:9      | Killed Erolcha
 12163 | D:9      | Reached skill level 8 in Spellcasting
 12283 | D:9      | Noticed Psyche
 12294 | D:9      | Killed Psyche
 12583 | D:10     | Entered Level 10 of the Dungeon
 13282 | D:10     | Noticed Sonja
 13305 | D:10     | Killed Sonja
 14005 | D:10     | Noticed Grum
 14005 | D:10     | Noticed a cyclops
 14012 | D:10     | Killed Grum
 14020 | D:10     | Killed a cyclops
 14041 | D:9      | Reached skill level 9 in Spellcasting
 14457 | D:11     | Found a transporter.
 14459 | D:11     | Identified the cursed +1 ring mail "Mywkegot" {*Corrode MR+ Int+3}
 14460 | D:11     | Noticed a deep elf knight
 14464 | D:11     | Identified the +2 ring mail of the Vanishing Orbs {-Cast rCorr Int+3} (You found it on level 7 of the Dungeon)
 14467 | D:11     | Noticed a fire crab
 14476 | D:11     | Found a transporter.
 14882 | D:11     | Noticed a cyan ugly thing
 14891 | D:11     | Killed a cyan ugly thing
 15378 | D:11     | Reached XP level 11. HP: 58/68 MP: 1/24
 15607 | D:11     | Found a staircase to the Lair.
 15749 | Lair:1   | Entered Level 1 of the Lair of Beasts
 15749 | Lair:1   | Noticed Nergalle
 15757 | Lair:1   | Killed Nergalle
 16165 | D:11     | Reached skill level 1 in Fighting
 16165 | D:11     | Reached skill level 10 in Ice Magic
 17779 | Lair:1   | Reached ** piety under Ashenzari
 18439 | Lair:2   | Reached skill level 10 in Spellcasting
 18636 | Lair:2   | Noticed a four-headed hydra
 18644 | Lair:2   | Killed a four-headed hydra
 19619 | Lair:2   | Found a staircase to the Snake Pit.
 19693 | Lair:2   | Noticed a four-headed hydra
 19697 | Lair:2   | Killed a four-headed hydra
 19697 | Lair:2   | Reached XP level 12. HP: 83/84 MP: 2/26
 20359 | Lair:2   | Reached skill level 5 in Fighting
 20904 | Lair:2   | Learned a level 4 spell: Summon Lightning Spire
 20907 | Lair:2   | Learned a level 2 spell: Shroud of Golubria
 21245 | Lair:3   | Noticed Snorg
 21405 | Lair:3   | Killed Snorg
 21405 | Lair:3   | Reached skill level 1 in Air Magic
 22593 | Lair:4   | Reached skill level 10 in Conjurations
 22778 | Lair:4   | Found a staircase to the Shoals.
 22840 | Lair:4   | Found an ancient bone altar of Kikubaaqudgha.
 23562 | Lair:4   | Noticed an eight-headed hydra
 23567 | Lair:4   | Killed an eight-headed hydra
 23838 | Lair:4   | Reached skill level 11 in Spellcasting
 24428 | Lair:5   | Reached *** piety under Ashenzari
 24465 | Lair:5   | Found a staircase to the Slime Pits.
 25117 | Lair:5   | Gained mutation: You are mostly covered in sharp spines. [demonic ancestry]
 25117 | Lair:5   | Reached XP level 13. HP: 59/95 MP: 1/28
 26342 | Lair:6   | Entered Level 6 of the Lair of Beasts
 27509 | Lair:6   | Reached skill level 5 in Air Magic
 29939 | D:8      | Killed Gastronok
 29976 | D:8      | Reached **** piety under Ashenzari
 30035 | D:8      | Found a blossoming altar of Fedhas.
 30202 | D:8      | Killed Maurice
 31059 | D:12     | Found a staircase to the Orcish Mines.
 31282 | D:12     | Noticed Nessos
 31302 | D:12     | Killed Nessos
 31454 | D:12     | Noticed Josephine
 31456 | D:12     | Killed Josephine
 31460 | D:12     | Reached XP level 14. HP: 106/106 MP: 5/29
 31707 | D:12     | Reached skill level 5 in Dodging
 31778 | D:12     | Noticed Rupert
 31789 | D:12     | Killed Rupert
 32494 | D:12     | Reached skill level 12 in Spellcasting
 33349 | D:13     | Identified the +5 shortbow of Valiance {velocity, +Inv}
 33427 | D:13     | Reached skill level 1 in Long Blades
 34521 | D:14     | Noticed matakusis's ghost (journeyman DESu)
 34616 | D:13     | Noticed Anon1729's ghost (journeyman DsFE)
 34655 | D:13     | Killed Anon1729's ghost
 34811 | D:14     | Killed matakusis's ghost
 36286 | D:14     | Found a gate to the Vaults.
 36828 | Orc:1    | Entered Level 1 of the Orcish Mines
 36960 | Orc:1    | Noticed an orc warlord
 37172 | D:12     | Killed an orc warlord
 37410 | Orc:1    | Found a bloodstained altar of Trog.
 37555 | Orc:1    | Found a roughly hewn altar of Beogh.
 37961 | Orc:1    | Reached ***** piety under Ashenzari
 38053 | Orc:2    | Entered Level 2 of the Orcish Mines
 38059 | Orc:2    | Noticed an orc warlord
 38446 | Orc:2    | Found Goggicar's Antique Armour Shoppe.
 38748 | Orc:1    | Learned a level 5 spell: Lightning Bolt
 38979 | Orc:2    | Killed an orc warlord
 39129 | Orc:1    | Paralysed by an orc sorcerer for 6 turns
 39339 | Orc:2    | Found Worhiklu's Weapon Shop.
 39354 | Orc:2    | Bought a pair of runed gloves for 240 gold pieces
 39354 | Orc:2    | Bought a pair of embroidered boots for 240 gold pieces
 39711 | Orc:2    | Found a staircase to the Elven Halls.
 40224 | Orc:2    | Found Gyadi's General Store.
 40317 | Orc:2    | Bought a scroll of blinking for 112 gold pieces
 40322 | Orc:2    | Found Xofoleju's Magic Scroll Shop.
 40325 | Orc:2    | Found Soelemn's Book Shop.
 40338 | Orc:2    | Bought a book of Clouds for 585 gold pieces
 40345 | Orc:2    | Learned a level 6 spell: Freezing Cloud
 40383 | Orc:2    | Bought a scroll of blinking for 97 gold pieces
 40383 | Orc:2    | Bought a scroll of identify for 26 gold pieces
 40383 | Orc:2    | Bought a scroll of remove curse for 39 gold pieces
 40383 | Orc:2    | Bought a scroll of remove curse for 39 gold pieces
 40406 | Orc:2    | Found Cich's Antique Weapon Emporium.
 40886 | Orc:2    | Bought a book of Spatial Translocations for 845 gold pieces
 40889 | Orc:2    | Learned a level 2 spell: Blink
 40894 | Orc:2    | Learned a level 4 spell: Passage of Golubria
 41059 | Snake:1  | Entered Level 1 of the Snake Pit
 41059 | Snake:1  | Noticed Nikola
 41662 | D:15     | Entered Level 15 of the Dungeon
 41865 | D:15     | Gained mutation: You are mostly covered in yellow scales. (AC +3) [demonic ancestry]
 41865 | D:15     | Reached XP level 15. HP: 115/115 MP: 20/31
 41884 | D:15     | Reached skill level 1 in Shields
 42346 | D:15     | Reached skill level 10 in Fighting
 43618 | D:15     | Found a blossoming altar of Fedhas.
 44005 | D:15     | Found a staircase to the Depths.
 44397 | Shoals:1 | Entered Level 1 of the Shoals
 44555 | Shoals:1 | Found a runed door.
 45380 | Shoals:1 | Reached skill level 13 in Spellcasting
 45442 | Shoals:1 | Identified the +4 ring mail "Kyhoide" {-Tele rElec Str+5}
 46829 | Shoals:2 | Identified the +11 dagger "Ibeno" {pierce, +Inv MR+ Dex-4}
 47019 | Shoals:2 | Noticed Donald
 47035 | Shoals:2 | Killed Donald
 47181 | Shoals:2 | Reached ****** piety under Ashenzari
 47950 | Shoals:3 | Identified the cursed +0 halberd "Worm's Wrath" {chop, Int+7}
 48399 | Shoals:3 | Noticed Jorgrun
 48511 | Shoals:3 | Killed Jorgrun
 48885 | Shoals:4 | Entered Level 4 of the Shoals
 49060 | Shoals:4 | Identified the +0 acid dragon scales of Bunisu {rCorr Dex+4 SInv}
 49419 | Shoals:4 | Noticed Ilsuiw
 49767 | Snake:1  | Killed Nikola
 50143 | Snake:1  | Gained mutation: When hurt, damage is shared between your health and your magic reserves. [demonic ancestry]
 50143 | Snake:1  | Reached XP level 16. HP: 125/125 MP: 15/33
 50520 | Snake:1  | Identified the cursed +0 scimitar of Liseim {slice, +Fly Str+2 Dex+4}
 50981 | Snake:1  | Noticed Louise
 51238 | Snake:1  | Killed Louise
 51449 | Snake:1  | Noticed Roxanne
 51852 | Snake:1  | Killed Roxanne
 52044 | Snake:1  | Identified Roxanne's Tome of Moulding (You took it off Roxanne on level 1 of the Snake Pit)
 52785 | Snake:2  | Reached skill level 5 in Shields
 52926 | Snake:2  | Noticed Vashnia
 54255 | Snake:2  | Reached skill level 10 in Air Magic
 54279 | Snake:2  | Killed Vashnia
 54613 | Snake:2  | Reached skill level 14 in Spellcasting
 54884 | Snake:3  | Noticed Aizul
 55117 | Snake:2  | Killed Aizul
 56164 | Snake:3  | Found Taix's Distillery.
 56166 | Snake:3  | Found Xoasok's Book Shoppe.
 56170 | Snake:3  | Found Ineaha's Food Emporium.
 56181 | Snake:3  | Bought a potion of magic for 96 gold pieces
 56181 | Snake:3  | Bought a potion of curing for 36 gold pieces
 56181 | Snake:3  | Bought a potion of curing for 36 gold pieces
 56181 | Snake:3  | Bought a potion of heal wounds for 60 gold pieces
 56181 | Snake:3  | Bought a potion of curing for 36 gold pieces
 56181 | Snake:3  | Bought a potion of heal wounds for 60 gold pieces
 56912 | Snake:3  | Noticed Asterion
 56926 | Snake:3  | Killed Asterion
 57306 | Snake:4  | Entered Level 4 of the Snake Pit
 57941 | Snake:4  | Gained mutation: You regenerate magic rapidly. [demonic ancestry]
 57941 | Snake:4  | Reached XP level 17. HP: 98/135 MP: 2/35
 61895 | Snake:4  | Got a serpentine rune of Zot
 62518 | Shoals:4 | Killed Ilsuiw
 63319 | Shoals:4 | Reached skill level 15 in Spellcasting
 65313 | Shoals:4 | Gained mutation: You are robust. (+10% HP) [demonic ancestry]
 65313 | Shoals:4 | Reached XP level 18. HP: 80/159 MP: 8/37
 65713 | Shoals:4 | Got a barnacled rune of Zot
 66147 | Vaults:1 | Entered Level 1 of the Vaults
 66716 | Vaults:1 | Learned a level 6 spell: Shadow Creatures
 66914 | Vaults:1 | Found Iroq's Assorted Antiques.
 67858 | Vaults:2 | Reached skill level 10 in Shields
 68839 | Vaults:2 | Found a staircase to the Crypt.
 69372 | Vaults:2 | Paralysed by a vampire knight for 6 turns
 71973 | Vaults:3 | Found Hytot's Antique Armour Boutique.
 72283 | Vaults:3 | Gained mutation: When low on magic, you restore magic in place of health. [demonic ancestry]
 72283 | Vaults:3 | Reached XP level 19. HP: 169/169 MP: 6/38
 73449 | Vaults:3 | Reached skill level 15 in Fighting
 74478 | Vaults:3 | Bought a runed scarf for 328 gold pieces
 75986 | Vaults:4 | Found a roughly hewn altar of Beogh.
 77633 | Snake:1  | Learned a level 8 spell: Chain Lightning
 77948 | Depths:1 | Entered Level 1 of the Depths
 78021 | D:15     | Reached XP level 20. HP: 169/179 MP: 20/39
 78430 | D:15     | Reached skill level 10 in Dodging
 78567 | Depths:1 | Found a glowing golden altar of the Shining One.
 78569 | Depths:1 | Found Maif's Hallowed Reliquary.
 78583 | Depths:1 | Bought a potion of heal wounds for 80 gold pieces
 78583 | Depths:1 | Bought a potion of heal wounds for 80 gold pieces
 78583 | Depths:1 | Bought a potion of heal wounds for 80 gold pieces
 78616 | Depths:1 | Reached skill level 16 in Spellcasting
 79034 | Depths:1 | Noticed medis's ghost (adept HaSk)
 79046 | Depths:1 | Killed medis's ghost
 79171 | Depths:1 | Found a gateway to Hell.
 79468 | Depths:2 | Found a flickering gateway to a bazaar.
 79491 | Bazaar   | Entered a bazaar
 79491 | Bazaar   | Found Angic's Distillery.
 79491 | Bazaar   | Found Ceutiuj's Antique Weapon Shop.
 79558 | Bazaar   | Found Aqiutal's General Store.
 79560 | Bazaar   | Bought a potion of cancellation for 96 gold pieces
 79568 | Bazaar   | Found Eleru's Food Boutique.
 79641 | Bazaar   | Bought a scroll of acquirement for 936 gold pieces
 79646 | Bazaar   | Identified the cursed +1 pair of boots of the Untouchables {SInv} (You acquired it in a bazaar)
 79686 | Bazaar   | Bought a potion of magic for 96 gold pieces
 80939 | Depths:2 | Found Puac's Elemental Accessories.
 82018 | Depths:2 | Found Uhoo's Assorted Antiques.
 83331 | Depths:3 | Gained mutation: Scrolls take you a little longer to read. [a neqoxec]
 83356 | Depths:3 | Gained mutation: Your mind is acute. (Int +2) [a neqoxec]
 83462 | Depths:3 | Found a one-way gate leading to the halls of Pandemonium.
 83553 | Depths:3 | Lost mutation: Scrolls take you a little longer to read. [potion of mutation]
 83553 | Depths:3 | Lost mutation: Your mind is acute. (Int +2) [potion of mutation]
 83553 | Depths:3 | Gained mutation: Your body sometimes deteriorates upon taking damage. [potion of mutation]
 83553 | Depths:3 | Gained mutation: Your magical capacity is low. (-10% MP) [potion of mutation]
 83553 | Depths:3 | Gained mutation: Your muscles are strong. (Str +2) [potion of mutation]
 83554 | Depths:3 | Lost mutation: Your magical capacity is low. (-10% MP) [potion of mutation]
 83554 | Depths:3 | Lost mutation: Your muscles are strong. (Str +2) [potion of mutation]
 83554 | Depths:3 | Gained mutation: You evolve. [potion of mutation]
 83554 | Depths:3 | Gained mutation: You are very robust. (+20% HP) [potion of mutation]
 83596 | Depths:3 | Noticed Xtahua
 83603 | Depths:3 | Killed Xtahua
 83833 | Depths:3 | Gained mutation: Your mind is acute. (Int +2) [evolution]
 84091 | Depths:3 | Reached skill level 17 in Spellcasting
 85627 | Depths:3 | Found a deep blue altar of Sif Muna.
 85665 | Depths:3 | Identified Cook's Grimoire of Lightness and Shape Shifting
 85716 | Depths:3 | Learned a level 6 spell: Conjure Ball Lightning
 85834 | Depths:3 | Gained mutation: You are completely covered in sharp spines. [demonic ancestry]
 85834 | Depths:3 | Reached XP level 21. HP: 183/205 MP: 33/42
 86096 | Depths:3 | Found a one-way gate to the infinite horrors of the Abyss.
 86273 | Depths:3 | Found a gateway to a ziggurat.
 86313 | Depths:3 | Lost mutation: Your body sometimes deteriorates upon taking damage. [potion of mutation]
 86313 | Depths:3 | Lost mutation: Your mind is acute. (Int +2) [potion of mutation]
 86313 | Depths:3 | Lost mutation: You evolve. [potion of mutation]
 86313 | Depths:3 | Gained mutation: Armour fits poorly on your strangely shaped body. [potion of mutation]
 86313 | Depths:3 | Gained mutation: You are clumsy. (Dex -2) [potion of mutation]
 86313 | Depths:3 | Gained mutation: You are resistant to hostile enchantments. (MR+) [potion of mutation]
 87073 | Depths:4 | Paralysed by a sphinx for 4 turns
 87198 | Depths:4 | Found a transporter.
 87281 | Depths:4 | Reached skill level 15 in Air Magic
 87563 | Depths:4 | Found a corrupted altar of Lugonu.
 87564 | Depths:4 | Identified the +7 hunting sling of the Wheel {flame, +Blink rF+ Int-2}
 87565 | Depths:4 | Identified the ring "Qysk" {rF+ rC+}
 88586 | Depths:5 | Entered Level 5 of the Depths
 89176 | Depths:5 | Noticed a juggernaut
 89189 | Depths:4 | Killed a juggernaut
 90330 | Depths:5 | Reached skill level 18 in Spellcasting
 91349 | Depths:5 | Reached XP level 22. HP: 162/217 MP: 35/44
 91520 | Depths:5 | Identified the +5 shield of Sorcery {Int+8}
 92063 | Depths:5 | Noticed a golden dragon
 92081 | Depths:5 | Killed a golden dragon
 92680 | Depths:5 | Found a gate to the Realm of Zot.
 93140 | Elf:1    | Entered Level 1 of the Elven Halls
 93140 | Elf:1    | Found a deep blue altar of Sif Muna.
 94061 | Elf:1    | Learned a level 4 spell: Airstrike
 95229 | Elf:2    | Found Ruor Bemp's Armour Emporium.
 95692 | Elf:2    | Found a runed gate.
 95692 | Elf:2    | Found a runed gate.
 95692 | Elf:2    | Found a runed gate.
 95985 | Elf:2    | Identified the Volume of Changing
 96747 | Elf:1    | Reached skill level 19 in Spellcasting
 97908 | Elf:3    | Entered Level 3 of the Elven Halls
 97908 | Elf:3    | Found Ruczeat's Gadget Shop.
 98282 | Elf:3    | Found Edgheafilo's Assorted Antiques.
 98365 | Elf:3    | Found Wentush's Armour Shop.
 98947 | Elf:3    | Found Ibla's Gadget Emporium.
 98996 | Elf:3    | Identified the ring "Efigug" {rC+ rN+ Str+3 Dex-3 Stlth+} (You took it off a deep elf annihilator on level 3 of the Elven Halls)
 99220 | Elf:3    | Identified the cursed +1 pair of gloves of Gesut {rC+ Regen+} (You acquired it on level 3 of the Elven Halls)
100444 | Elf:3    | Mutation became permanent: You are robust. (+10% HP) [demonic ancestry]
100444 | Elf:3    | Gained mutation: You are very robust. (+20% HP) [demonic ancestry]
100444 | Elf:3    | Reached XP level 23. HP: 210/228 MP: 16/46
100508 | Elf:3    | Cast into level 2 of the Abyss (a deep elf demonologist)
100934 | Elf:3    | Escaped the Abyss
100937 | Elf:3    | Identified the +6 morningstar of the Dwarven Hall {crush, Fragile rN++} (You took it off a deep elf sorcerer on level 3 of the Elven Halls)
101135 | Elf:3    | Got the uncursed robe of the Solstice {rElec Int+3 Stlth+}
101156 | Elf:3    | Identified the +1 robe of the Solstice {rElec Int+3 Stlth+} (You took it off a deep elf sorcerer on level 3 of the Elven Halls)
101348 | Elf:3    | Identified the Reference Book on Twisted Contamination
101378 | Elf:3    | Identified the +5 hunting sling of Impatience {venom, rF+ SInv}
101387 | Elf:3    | Identified the Catalogue of Creative Dislocation
101815 | Depths:1 | Learned a level 7 spell: Summon Greater Demon
102024 | Crypt:1  | Entered Level 1 of the Crypt
102029 | Crypt:1  | Reached skill level 1 in Translocations
103751 | Vaults:1 | Bought a scroll of teleportation for 99 gold pieces
103751 | Vaults:1 | Bought a scroll of enchant armour for 247 gold pieces
103930 | Depths:2 | Bought a scroll of teleportation for 66 gold pieces
104164 | Orc:2    | Bought a scroll of remove curse for 39 gold pieces
104164 | Orc:2    | Bought a scroll of enchant weapon for 97 gold pieces
104164 | Orc:2    | Bought a scroll of teleportation for 39 gold pieces
104395 | Slime:1  | Entered Level 1 of the Pits of Slime
104890 | Slime:1  | Gained mutation: You have an increased reservoir of magic. (+10% MP) [a shining eye]
104894 | Slime:1  | Gained mutation: You tend to lose your temper in combat. [a shining eye]
104898 | Slime:1  | Gained mutation: You are very clumsy. (Dex -4) [a shining eye]
104900 | Slime:1  | Gained mutation: You expend magic power (3 MP) to strengthen your wands. [a shining eye]
105264 | Slime:3  | Noticed Dissolution
105802 | Slime:3  | Gained mutation: You are dopey. (Int -2) [a shining eye]
106116 | Slime:3  | Killed Dissolution
106116 | Slime:3  | Reached skill level 20 in Spellcasting
107617 | Slime:5  | Entered Level 5 of the Pits of Slime
107636 | Slime:5  | Gained mutation: Your spells are a little easier to cast, but a little less powerful. [a shining eye]
107951 | Slime:4  | Learned a level 7 spell: Malign Gateway
107959 | Slime:5  | Noticed the Royal Jelly
107973 | Slime:5  | Killed the Royal Jelly
107984 | Slime:4  | HP: 9/230 [acid[the Royal Jelly] (11)]
107985 | Slime:4  | Slain by an azure jelly

Vault maps used:
D:1:      lightli_arrival_noodles
D:2:      cheibrodos_old_hovel
D:4:      kennysheep_slug_shrine, first_ration
D:5:      minmay_temple_entry_purple_smoke, serial_park_tiny_1, uniq_eustachio,
          uniq_ijyb
D:6:      minmay_misc_feat_enclosed
D:7:      serial_glass, glass_columns_a, glass_columns_a
D:8:      basic_altar, uniq_maurice, uniq_gastronok
D:9:      uniq_psyche, uniq_prince_ribbit1, uniq_erolcha
D:10:     uniq_grum, uniq_sonja
D:11:     gammafunk_wand_slinger, lair_entry_dummy
D:12:     orc_0_dummy, uniq_rupert, uniq_nessos, uniq_josephine
D:13:     grunt_pizzeria
D:14:     hangedman_vaults_entry_quadrant_bands, kennysheep_cross_room
D:15:     grunt_enter_depths_hoard, fedhas_altar_1
Temple:   compressed_dpeg_circular_temple
Lair:1:   beast_lair_carwin_large_1, lemuel_fruit_tree, grunt_megastairs_4,
          uniq_nergalle
Lair:2:   statuecave_lemuel, guppyfry_snake_entry_garden
Lair:3:   wad_woods_road_02, uniq_snorg
Lair:4:   elwin_shoals_entry_rocks, basic_altar, cheibrodos_lair_lostbears,
          grunt_megastairs_3, lemuel_fruit_fields
Lair:5:   nicolae_slime_entry_slimehenge, beast_lair_carwin_10,
          serial_bayou_shore_a
Lair:6:   minmay_lair_end_enchanted_forest
Shoals:1: lightli_airlock
Shoals:2: uniq_donald
Shoals:3: uniq_jorgrun
Shoals:4: shoals_end_grunt_ice, shoals_ilsuiw_alternative
Snake:1:  hangedman_venom_bottle, serial_bayou_shore_b, uniq_louise,
          uniq_nikola, uniq_roxanne
Snake:2:  uniq_vashnia, uniq_aizul
Snake:3:  basic_stair_grate_trap, minmay_shop_star, uniq_asterion
Snake:4:  snake_pit
Slime:3:  uniq_dissolution
Slime:4:  cheibrodos_slime_lost_civilization_7
Orc:1:    basic_altar, trog_butcher_becter
Orc:2:    grunt_orc_gardens, grunt_orc_garden, grunt_orc_garden,
          grunt_orc_garden, grunt_orc_garden, serial_shops, shop, shop
Elf:1:    basic_altar, minivault_28, minivault_24, nrook_uturn
Elf:2:    serial_shops, shop_statue, hangedman_research_metamorphosis
Elf:3:    minmay_elf_hall_x, serial_shops, shop, shop, shop, shop
Vaults:1: vaults_mumra_lcd, grunt_vaults_hallway_short,
          grunt_vaults_hallway_long, v_misc_9, nicolae_vaults_network_barrier,
          v_misc_22, nicolae_vaults_little_ls, ontoclasm_vaults_decontamination,
          vaults_dpeg_ring, vaults_room_door_ring, v_misc_23, vaults_room_pools,
          serial_shops, nicolae_shop_trees
Vaults:2: minmay_crypt_entry_simple_corners, hangedman_vaults_cutoff, v_misc_32,
          serial_ice_h, ontoclasm_vaults_gateway,
          vaults_room_hangedman_quadrants, vaults_standard_mumra_x,
          vaults_mumra_hexcomb, nicolae_vaults_rhombus_6,
          nicolae_vaults_mini_display_case, grunt_vaults_hallway_long,
          nicolae_vaults_three_branches
Vaults:3: v_misc_13, v_misc_3, v_misc_14, hangedman_vaults_capsules,
          nicolae_vaults_big_angled_halls, dpeg_vaults_pockets_of_resistance,
          v_misc_23, v_misc_4, v_alt_pattern_6, serial_shops, shop_coins
Vaults:4: special_room_vaults, ontoclasm_vaults_fault,
          ontoclasm_vaults_ring_small, hangedman_vaults_impose,
          vaults_mumra_minichess_inversion, v_rooms_1,
          nicolae_vaults_angled_halls, hangedman_vaults_cutoff, v_misc_30,
          v_pattern_4, hangedman_vaults_cutoff, vaults_room_semicircle
Depths:1: grunt_hell_entry_dis_grunt, minmay_misc_feat_secret_circle,
          nicolae_good_shop
Depths:2: hangedman_cross_stitches, hangedman_decor_points,
          grunt_hell_entry_demonic_statue, serial_shops, bzr_entry_dummy, shop,
          nicolae_elemental_shop
Depths:3: minmay_crystal_thing, enter_ziggurat_f, grunt_pan_entry_zigzag,
          hangedman_abyss_entry_splay, pf_coc_iceberg, uniq_xtahua
Depths:4: gammafunk_corrupted_shrine, nicolae_benzene_ring,
          pf_hell_entry_tar_river, abyss_entry, minmay_protected_statue
Depths:5: grunt_zot_entry_hairpin, abyss_entry, hell_entry,
          corexii_leaking_fountain, st_stairs_14
Abyss:3:  minivault_11, hangedman_abyss_or_decor_jellyfish_corner,
          hangedman_steaming_rock
Bazaar:   bazaar_kb_twisted_cavern

Skill      XL: |  1  2  3  4  5  6  7  8  9 10 11 12 13 14 15 16 17 18 19 20 21 22 23 |
---------------+----------------------------------------------------------------------+-----
Ice Magic      | 3 4 5 6 7 8 9 10 11 | 11.5
Spellcasting   | 3 4 5 6 7 9 10 11 12 13 14 15 17 18 19 20 | 20.3
Summonings     | 1 3 4 5 6 8 9 |  9.8
Conjurations   | 3 5 7 9 10 11 | 11.8
Fighting       | 4 6 8 9 11 12 13 14 15 16 17 18 | 18.4
Air Magic      | 3 6 7 9 10 11 12 13 14 15 16 | 16.5
Dodging        | 2 4 6 7 8 9 11 12 13 | 13.9
Long Blades    | 3 |  3.9
Shields        | 3 6 9 11 | 11.2
Translocations | 1 |  1.9
Stealth        | |  1.7

Action                   |  1- 3 |  4- 6 |  7- 9 | 10-12 | 13-15 | 16-18 | 19-21 | 22-24 || total
-------------------------+-------+-------+-------+-------+-------+-------+-------+-------++-------
Melee: Unarmed           |     1 |       |       |       |       |       |       |       ||     1
       Dagger            |     2 |     9 |       |       |       |       |       |       ||    11
       Mace              |       |     3 |     4 |       |       |       |       |       ||     7
       Great sword       |       |       |    33 |    39 |    18 |       |       |       ||    90
       Scimitar          |       |       |       |       |    59 |   176 |   105 |     7 ||   347
       Double sword      |       |       |       |       |       |       |       |    40 ||    40
 Cast: Freeze            |    45 |    82 |    68 |   157 |   202 |    86 |     6 |     5 ||   651
       Throw Frost       |    26 |    22 |    99 |   156 |   136 |    14 |     5 |       ||   458
       Ozocubu's Armour  |       |     1 |    10 |    22 |    52 |    80 |    51 |     8 ||   224
       Summon Ice Beast  |       |     2 |    38 |    70 |   113 |    73 |     1 |     1 ||   298
       Throw Icicle      |       |       |    29 |   135 |   375 |   419 |   626 |   253 ||  1837
       Summon Lightning  |       |       |       |    20 |    96 |    96 |    68 |    51 ||   331
       Shroud of Golubri |       |       |       |     6 |    11 |    23 |    13 |     3 ||    56
       Lightning Bolt    |       |       |       |       |    57 |    73 |     7 |       ||   137
       Freezing Cloud    |       |       |       |       |    29 |   120 |    98 |    67 ||   314
       Blink             |       |       |       |       |     3 |     2 |     8 |    20 ||    33
       Shadow Creatures  |       |       |       |       |       |    25 |    69 |    27 ||   121
       Chain Lightning   |       |       |       |       |       |       |    50 |    23 ||    73
       Conjure Ball Ligh |       |       |       |       |       |       |    19 |    27 ||    46
       Airstrike         |       |       |       |       |       |       |       |   438 ||   438
       Passage of Golubr |       |       |       |       |       |       |       |     3 ||     3
       Summon Greater De |       |       |       |       |       |       |       |    11 ||    11
       Malign Gateway    |       |       |       |       |       |       |       |     1 ||     1
Invok: Curse Item        |       |       |     1 |     2 |     7 |     3 |     1 |     2 ||    16
 Abil: Evoke Flight      |       |       |       |     1 |       |       |       |       ||     1
Evoke: Wand              |       |       |       |     3 |     4 |     1 |     1 |     1 ||    10
  Use: Scroll            |     2 |     3 |     6 |     9 |    19 |    10 |    12 |    30 ||    91
       Potion            |       |       |       |     2 |     4 |     2 |    10 |    13 ||    31
 Stab: Distracted        |       |       |       |     1 |       |     5 |     3 |     1 ||    10
  Eat: Chunk             |     6 |     6 |    19 |    28 |    63 |    31 |    36 |    16 ||   205
       Ration            |       |     1 |     3 |     6 |     9 |    20 |    22 |    12 ||    73
Armor: Robe              |     8 |    17 |    14 |       |       |    36 |    74 |    45 ||   194
       Troll leather arm |       |       |       |    59 |    73 |       |       |       ||   132
       Leather armour    |       |       |       |       |       |    71 |       |       ||    71
       Acid dragon scale |       |       |       |       |       |       |       |     2 ||     2
Dodge: Dodged            |    36 |    28 |    72 |   135 |   385 |   318 |   251 |   177 ||  1402
Block: Other             |       |     8 |    15 |    46 |    50 |       |       |       ||   119
       Reflection        |       |       |     3 |     2 |    28 |   110 |    90 |    44 ||   277
       Buckler           |       |       |       |       |   105 |   287 |       |       ||   392
       Shield            |       |       |       |       |       |    43 |   352 |   351 ||   746
       Rpst.: Great sword |       |       |    21 |    29 |    54 |       |       |       ||   104
       Scimitar          |       |       |       |       |    35 |    44 |    32 |     8 ||   119
       Double sword      |       |       |       |       |       |       |       |    24 ||    24

Table legend:
 A = Spawn XP
 B = Non-spawn XP
 C = Spawn XP percentage of total XP
 D = Spawn monster count
 E = Non-spawn monster count
 F = Spawn count percentage of total count
 G = Total turns spent on level
                    A         B        C        D         E        F      G
               +---------+---------+-------+---------+---------+-------+---------
         Total |    9348 |  958324 |   1.0 |      23 |    1968 |   1.2 | 107985
               +---------+---------+-------+---------+---------+-------+---------
           D:1 |       0 |      61 |   0.0 |       0 |      29 |   0.0 |  1682
           D:2 |       0 |      68 |   0.0 |       0 |      23 |   0.0 |  1016
           D:3 |       0 |      35 |   0.0 |       0 |      16 |   0.0 |  1092
           D:4 |       0 |     713 |   0.0 |       0 |      20 |   0.0 |  1574
           D:5 |       0 |     487 |   0.0 |       0 |      17 |   0.0 |  1128
           D:6 |       0 |     769 |   0.0 |       0 |      22 |   0.0 |  1294
           D:7 |       0 |    1034 |   0.0 |       0 |      19 |   0.0 |  1957
           D:8 |       0 |    2981 |   0.0 |       0 |      29 |   0.0 |  1957
           D:9 |       0 |    1980 |   0.0 |       0 |      27 |   0.0 |  1489
          D:10 |       0 |    2771 |   0.0 |       0 |      17 |   0.0 |  1596
          D:11 |       0 |    3133 |   0.0 |       0 |      19 |   0.0 |  2442
          D:12 |       0 |    7538 |   0.0 |       0 |      30 |   0.0 |  2746
          D:13 |       0 |    5572 |   0.0 |       0 |      26 |   0.0 |  2216
          D:14 |       0 |   12013 |   0.0 |       0 |      39 |   0.0 |  3368
          D:15 |       0 |   33224 |   0.0 |       0 |      55 |   0.0 |  2871
        Lair:1 |       0 |    5926 |   0.0 |       0 |      31 |   0.0 |  3019
        Lair:2 |       0 |    8079 |   0.0 |       0 |      37 |   0.0 |  3763
        Lair:3 |       0 |    4161 |   0.0 |       0 |      20 |   0.0 |  1652
        Lair:4 |       0 |    5768 |   0.0 |       0 |      29 |   0.0 |  2201
        Lair:5 |       0 |    8531 |   0.0 |       0 |      44 |   0.0 |  2664
        Lair:6 |       0 |   17518 |   0.0 |       0 |      90 |   0.0 |  2822
      Shoals:1 |       0 |   10202 |   0.0 |       0 |      23 |   0.0 |  1999
      Shoals:2 |       0 |    7148 |   0.0 |       0 |      13 |   0.0 |  1474
      Shoals:3 |       0 |    7645 |   0.0 |       0 |       8 |   0.0 |  2340
      Shoals:4 |       0 |   34930 |   0.0 |       0 |      65 |   0.0 |  2855
       Snake:1 |       0 |   18675 |   0.0 |       0 |      36 |   0.0 |  3358
       Snake:2 |       0 |   21392 |   0.0 |       0 |      29 |   0.0 |  2530
       Snake:3 |       0 |   20717 |   0.0 |       0 |      36 |   0.0 |  2027
       Snake:4 |       0 |   52997 |   0.0 |       0 |     103 |   0.0 |  4268
       Slime:1 |       0 |    7963 |   0.0 |       0 |      17 |   0.0 |   473
       Slime:2 |       0 |    8082 |   0.0 |       0 |      12 |   0.0 |   722
       Slime:3 |       0 |   27634 |   0.0 |       0 |      40 |   0.0 |   685
       Slime:4 |       0 |   18421 |   0.0 |       0 |      40 |   0.0 |  1155
       Slime:5 |       0 |   19139 |   0.0 |       0 |       9 |   0.0 |   235
         Orc:1 |       0 |    5377 |   0.0 |       0 |      37 |   0.0 |  2858
         Orc:2 |       0 |    9988 |   0.0 |       0 |      62 |   0.0 |  1458
         Elf:1 |       0 |   23898 |   0.0 |       0 |      41 |   0.0 |  1683
         Elf:2 |       0 |   35787 |   0.0 |       0 |      56 |   0.0 |  2321
         Elf:3 |       0 |   64556 |   0.0 |       0 |      64 |   0.0 |  3013
      Vaults:1 |       0 |   10864 |   0.0 |       0 |      20 |   0.0 |  2116
      Vaults:2 |       0 |   58300 |   0.0 |       0 |     110 |   0.0 |  4105
      Vaults:3 |       0 |   49306 |   0.0 |       0 |      78 |   0.0 |  3447
      Vaults:4 |       0 |   61796 |   0.0 |       0 |     111 |   0.0 |  2630
       Crypt:1 |       0 |   11371 |   0.0 |       0 |      24 |   0.0 |   766
      Depths:1 |       0 |   20472 |   0.0 |       0 |      22 |   0.0 |  1993
      Depths:2 |       0 |   43633 |   0.0 |       0 |      80 |   0.0 |  2861
      Depths:3 |       0 |   44361 |   0.0 |       0 |      52 |   0.0 |  3484
      Depths:4 |       0 |   54187 |   0.0 |       0 |      53 |   0.0 |  3140
      Depths:5 |       0 |   80537 |   0.0 |       0 |      74 |   0.0 |  2692
       Abyss:3 |    9348 |    6584 |  58.7 |      23 |      14 |  62.2 |   414
               +---------+---------+-------+---------+---------+-------+---------
